 Dungeon Crawl Stone Soup version 0.28.0-1-gb440e238dd (webtiles) character file.

Game seed: 11337907835249373646

16 PieDemon the Covered (level 2, 12/27 HPs)
             Began as a Deep Dwarf Fighter on Feb 20, 2022.
             Was a Follower of Fedhas.
             Quit the game on level 1 of the Dungeon.
             The game lasted 00:03:02 (336 turns).

PieDemon the Covered (Deep Dwarf Fighter)            Turns: 336, Time: 00:03:03

Health: 12/27      AC:  6    Str: 19    XL:     2   Next: 37%
Magic:  2/2        EV:  9    Int:  8    God:    Fedhas [*.....]
Gold:   32         SH:  4    Dex: 12    Spells: 1/1 levels left

rFire   . . .      SeeInvis .   a - +0 war axe
rCold   . . .      Faith    .   c - +0 buckler
rNeg    . . .      Spirit   .   b - +0 scale mail
rPois   .          Reflect  .   (no helmet)
rElec   .          Harm     .   (no cloak)
rCorr   .          Rampage  .   (no gloves)
Will    .....                   (no boots)
Stlth   ..........              (no amulet)
HPRegen 0.00/turn               (no ring)
MPRegen 0.08/turn               (no ring)

@: no status effects
A: damage resistance, heal wounds, sense surroundings 1, no regeneration
a: Heal Wounds, Renounce Religion


You were on level 1 of the Dungeon.
You worshipped Fedhas.
Fedhas was aware of your devotion.
You visited 1 branch of the dungeon, and saw 2 of its levels.

You collected 32 gold pieces.

Inventory:

Hand Weapons
 a - a +0 war axe (weapon)
 f - a +2 mace of distortion
Armour
 b - a +0 scale mail (worn)
 c - a +0 buckler (worn)
Scrolls
 e - a scroll of identify {unknown}
 h - a scroll of torment {unknown}
Potions
 d - a potion of might
 g - a potion of curing {unknown}
 i - 2 potions of brilliance {unknown}


   Skills:
 + Level 2.8 Fighting
 * Level 2.6 Axes
 + Level 3.5 Armour
 + Level 3.5 Shields


You had one spell level left.
You didn't know any spells.
Your spell library contained the following spells:

 Spells                   Type           Power      Damage    Failure   Level
 Animate Armour           Summ/Erth      0%         N/A       100%        4
 Blade Hands              Tmut           0%         N/A       100%        5
 Iron Shot                Conj/Erth      0%         9d1       100%        6


Dungeon Overview and Level Annotations

Branches:
Dungeon (2/15)

Altars:
Fedhas


Innate Abilities, Weirdness & Mutations

You are resistant to damage.
You can heal yourself by infusing magical energy.
You passively map a small area around you.
You do not regenerate.


Message History

The endoplasm is heavily wounded.
The endoplasm freezes you.
You are frozen.
You hit the endoplasm.
You kill the endoplasm!
Found a stone staircase leading down.
g - a bubbling brown potion A bat comes into view.
The bat barely misses you.
You closely miss the bat. The bat hits you but does no damage.
You block the bat's attack.
You miss the bat. The bat barely misses you.
You slash the bat!
You kill the bat!
You see here a bat corpse.
Found a scroll labelled MOMMIT BECASH.
h - a scroll labelled MOMMIT BECASH A hobgoblin comes into view.
The hobgoblin shouts!
Found a stone staircase leading down.
You hit the hobgoblin.
The hobgoblin is severely wounded.
The hobgoblin hits you.
The hobgoblin hits you but does no damage.
You slash the hobgoblin!
You kill the hobgoblin!
Found 13 gold pieces.
Found a robe.
Found 2 silvery potions.
You now have 32 gold pieces (gained 13).
Found 8 arrows.
i - 2 silvery potions
Found a faded altar of an unknown god.
There is a faded altar of an unknown god here.
You cannot tell which god this altar belongs to.
Convert to them anyway?
Fedhas accepts your prayer! Fedhas welcomes you!
The plants of the dungeon cease their hostilities.
Okay, then.
Are you sure you want to abandon this character and quit the game? (Confirm with "yes".)

############.##..............#
#.##..............#
#.##∩..∩..∩..∩..∩.#
#.#...............#
#.#...............#
#...∩..8..8..∩..8.#
*#...............#
#..............##
#.@..♣..∩..∩..∩#
#..............#
#.......(......#
#.∩..∩.....♣..8#
#.............##
###############


There were no monsters in sight!

Vanquished Creatures
  4 endoplasms (D:1)
  2 giant cockroaches (D:1)
  2 hobgoblins (D:1)
  2 ball pythons (D:1)
  A bat (D:1)
  A kobold (D:1)
  2 rats (D:1)
14 creatures vanquished.

Vanquished Creatures (others)
  A plant (D:1)
1 creature vanquished.

Grand Total: 15 creatures vanquished

Notes
Turn   | Place    | Note
-------+----------+-------------------------------------------
     0 | D:1      | PieDemon the Deep Dwarf Fighter began the quest for the
                  | Orb.
     0 | D:1      | Reached XP level 1. HP: 20/20 MP: 1/1
    71 | D:1      | Reached XP level 2. HP: 16/27 MP: 2/2
   327 | D:1      | Found a faded altar of an unknown god.
   335 | D:1      | Prayed at the altar of an unknown god.
   335 | D:1      | Became a worshipper of Fedhas Madash
   335 | D:1      | Reached * piety under Fedhas
   336 | D:1      | Quit the game

Illustrated notes

Levels and vault maps discovered:
D:1:      amcnicky_arrival_single_pillar, layout_basic,
          hellmonk_ecumenical_altar_arch_garden, serial_glass, glass_columns_a,
          glass_columns_a, serial_bayou_lake_a
D:2:      layout_basic, serial_forest, infiniplex_forest_fountain,
          infiniplex_forest_straight_3, infiniplex_forest_lined_4_way,
          infiniplex_forest_end_3, infiniplex_forest_zigzag_2,
          infiniplex_forest_end_2, infiniplex_forest_end_1,
          infiniplex_forest_end_2, infiniplex_forest_clump_tiny

Action                   || total
-------------------------++-------
Melee: War axe           ||    33
Armor: Scale mail        ||    13
Dodge: Dodged            ||    17
Block: Buckler           ||     5
